[Event "ICC tourney 2785 (30 10)"]
[Site "Internet Chess Club"]
[Date "2022.01.02"]
[Round "4"]
[White "GUIPI BOPALA, PRINCE ERIC:bopala"]
[Black "POWER, SEAN K:KnightHopper"]
[Result "0-1"]
[ICCResult "White resigns"]
[WhiteElo "2100"]
[BlackElo "1925"]
[Opening "QGD Slav defense: exchange variation"]
[ECO "D10"]
[NIC "SL.01"]
[Time "18:01:04"]
[PlyCount "66"]
[TimeControl "1800+10"]

1. d4 d5 2. c4 c6 3. cxd5 cxd5 4. Nc3 Nf6 5. Bf4 Qb6 6. e3 Qxb2 7. Nb5 e5 8.
Be2 exf4 9. Nc7+ Kd8 10. Nxa8 fxe3 11. fxe3 Qc3+ 12. Kf1 Qxe3 13. Qc1 Qxc1+
14. Rxc1 Bd6 15. Nf3 Nc6 16. Bb5 Bd7 17. Kf2 Ke7 18. Rhe1+ Ne4+ 19. Kg1 Rxa8
20. Ng5 f5 21. Nxh7 Kf7 22. h4 Bf4 23. Rc2 Nxd4 24. Bxd7 Nxc2 25. Rf1 Be3+
26. Kh1 Ng3+ 27. Kh2 Nxf1+ 28. Kh1 Rh8 29. Bxf5 g6 30. Bxc2 Rxh7 31. g3
Nxg3+ 32. Kg2 Ne4 33. Kf3 Bb6 {White resigns} 0-1

[Event "ICC tourney 2785 (30 10)"]
[Site "Internet Chess Club"]
[Date "2022.01.02"]
[Round "4"]
[White "MATINIAN, NIKITA:gannikus1992"]
[Black "Belous, Vladimir:Openyagami"]
[Result "1/2-1/2"]
[ICCResult "Game drawn by repetition"]
[WhiteElo "2504"]
[BlackElo "2570"]
[Opening "Sicilian: closed"]
[ECO "B23"]
[NIC "SI.44"]
[Time "18:00:20"]
[PlyCount "74"]
[TimeControl "1800+10"]

1. e4 c5 2. Nc3 g6 3. d4 cxd4 4. Qxd4 Nf6 5. Be3 Nc6 6. Qd2 d6 7. f3 Be6 8.
Nge2 Bg7 9. Nf4 Bd7 10. h4 h5 11. O-O-O Rc8 12. Kb1 Qa5 13. Ncd5 Nxd5 14.
Qxa5 Nxa5 15. Nxd5 e6 16. Nf4 Ke7 17. Bxa7 b6 18. Bxb6 Bxb2 19. Kxb2 Rb8 20.
Bd3 Rxb6+ 21. Ka1 Ra8 22. Rb1 Rc6 23. Rb4 Rc3 24. Rhb1 Ra3 25. R1b2 Kf6 26.
Rb6 Nc6 27. Bb5 Rc3 28. Ne2 Re3 29. c3 Ne5 30. Bxd7 Nxd7 31. Rxd6 Ne5 32.
Rd4 Rc8 33. Rbd2 Nc4 34. Rc2 Na3 35. Rcd2 Nc4 36. Rc2 Na3 37. Rcd2 Nc4
{Game drawn by repetition}
1/2-1/2

[Event "ICC tourney 2785 (30 10)"]
[Site "Internet Chess Club"]
[Date "2022.01.02"]
[Round "4"]
[White "ALEKSANDROV, ALEKSEJ:Aleksandrov73"]
[Black "Otawa, Yuto:hidedozyo"]
[Result "1-0"]
[ICCResult "Black forfeits on time"]
[WhiteElo "2552"]
[BlackElo "2204"]
[Opening "QGD: Charousek (Petrosian) variation"]
[ECO "D31"]
[NIC "QP.08"]
[Time "18:00:13"]
[PlyCount "57"]
[TimeControl "1800+10"]

1. d4 d5 2. c4 e6 3. Nc3 Be7 4. cxd5 exd5 5. Qc2 c6 6. Bf4 Nf6 7. Nf3 Nbd7
8. h3 O-O 9. e3 Re8 10. Bd3 Nf8 11. O-O Bd6 12. Bxd6 Qxd6 13. Rab1 a5 14. a3
Be6 15. Rfc1 Rec8 16. Na4 N6d7 17. Nc5 b6 18. Nxd7 Bxd7 19. b4 axb4 20. axb4
b5 21. Ne5 g6 22. Rb3 Ra4 23. Qc3 Rb8 24. Nxd7 Nxd7 25. Qxc6 Qxc6 26. Rxc6
Kg7 27. g4 h6 28. Rb2 Ra7 29. Kg2 {Black forfeits on time} 1-0

[Event "ICC tourney 2785 (30 10)"]
[Site "Internet Chess Club"]
[Date "2022.01.02"]
[Round "4"]
[White "Bernat, David:Zapateado"]
[Black "LIANG, YU-CHENG:Yucheng"]
[Result "0-1"]
[ICCResult "White resigns"]
[WhiteElo "1966"]
[BlackElo "1916"]
[Opening "English: Bremen, reverse dragon"]
[ECO "A22"]
[NIC "EO.10"]
[Time "18:00:15"]
[PlyCount "150"]
[TimeControl "1800+10"]

1. c4 Nf6 2. Nc3 e5 3. g3 d5 4. cxd5 Nxd5 5. Bg2 Nb6 6. Nf3 Nc6 7. O-O Be7
8. d3 O-O 9. a3 Be6 10. b4 a6 11. Be3 Nd5 12. Nxd5 Bxd5 13. Rc1 f5 14. Bc5
Bd6 15. h4 Kh8 16. e4 fxe4 17. Ng5 Bxc5 18. Rxc5 Nd4 19. Rxd5 Qxd5 20. Bxe4
Qd6 21. Nxh7 g6 22. Nxf8 Rxf8 23. Qg4 c6 24. Qxg6 Qxg6 25. Bxg6 Nc2 26. Kg2
Nxa3 27. Re1 Kg7 28. h5 Kf6 29. Re3 Nc2 30. Re4 Rd8 31. g4 Rd4 32. Rxd4 Nxd4
33. f3 Kg5 34. Kf2 Nc2 35. d4 Nxd4 36. Ke3 Ne6 37. Bf5 Nd8 38. Bc8 b6 39.
Bxa6 Nf7 40. Bd3 Nd6 41. Be4 c5 42. bxc5 bxc5 43. Kd3 Kh6 44. Kc3 Kg5 45.
Kb3 Kh6 46. Ka4 Kg5 47. Ka5 Kh6 48. Bc2 Nc4+ 49. Ka6 Ne3 50. Be4 c4 51. Kb6
c3 52. Kc5 c2 53. Bxc2 Nxc2 54. Kd5 Ne1 55. Ke4 Kg5 56. Ke3 Ng2+ 57. Ke4 Ne1
58. Ke3 Ng2+ 59. Kf2 Nf4 60. Ke1 Ne6 61. Ke2 Kf4 62. Kf2 Ng5 63. h6 Nh7 64.
Ke2 Nf6 65. Kf2 Kg5 66. Kg3 Nh7 67. Kf2 Kxh6 68. Ke3 Nf6 69. Kf2 Nd5 70. Ke2
Kg5 71. Kd3 Kf4 72. Kc4 Ne7 73. g5 Kxf3 74. Kc5 e4 75. Kd6 Ng6 {White
resigns} 0-1

[Event "ICC tourney 2785 (30 10)"]
[Site "Internet Chess Club"]
[Date "2022.01.02"]
[Round "4"]
[White "SRIPADA, HAVISH:brilliantnessme"]
[Black "HEBDEN, MARK L:mhebden"]
[Result "0-1"]
[ICCResult "White checkmated"]
[WhiteElo "1925"]
[BlackElo "2505"]
[Opening "Ruy Lopez: closed, 7...O-O"]
[ECO "C88"]
[NIC "RL.17"]
[Time "18:00:11"]
[PlyCount "140"]
[TimeControl "1800+10"]

1. e4 e5 2. Nf3 Nc6 3. Bb5 a6 4. Ba4 Nf6 5. O-O Be7 6. Re1 b5 7. Bb3 O-O 8.
h3 Bb7 9. d3 d6 10. a3 a5 11. a4 b4 12. Nbd2 h6 13. Nc4 Re8 14. Ne3 Bf8 15.
Nd5 Nb8 16. c3 Nxd5 17. exd5 bxc3 18. bxc3 Nd7 19. Bb2 f5 20. Nd2 Qg5 21.
Bc1 Qg6 22. Qf3 Nc5 23. Bc4 Be7 24. Ba3 Bg5 25. Bxc5 Bxd2 26. Red1 Bxc3 27.
Rac1 Bb4 28. Bxb4 axb4 29. Rb1 e4 30. dxe4 Rxe4 31. Rxb4 Ba6 32. Qb3 Bxc4
33. Rxc4 Qe8 34. Rxc7 Raxa4 35. Qg3 Qf8 36. Rdc1 Qf6 37. Rd7 f4 38. Qg4 Ra1
39. Rxa1 Qxa1+ 40. Kh2 Qf6 41. Rc7 Re5 42. Rc8+ Kh7 43. Rc4 Rf5 44. Re4 Qg5
45. Qf3 Rf6 46. Qd3 Qf5 47. Rd4 Qxd3 48. Rxd3 Kg6 49. Kg1 Kf5 50. f3 Ke5 51.
Kf2 Rf7 52. g3 Rc7 53. gxf4+ Kxf4 54. h4 Rc2+ 55. Ke1 Rh2 56. Rc3 Rxh4 57.
Rc6 Ke5 58. Rc7 g5 59. Rh7 Kxd5 60. Ke2 Kd4 61. Ra7 Rh2+ 62. Kf1 d5 63. Rh7
Ke3 64. Rd7 Kxf3 65. Kg1 Rd2 66. Rd6 h5 67. Rg6 g4 68. Rh6 Rd1+ 69. Kh2 g3+
70. Kh3 Rh1# {White checkmated} 0-1

[Event "ICC tourney 2785 (30 10)"]
[Site "Internet Chess Club"]
[Date "2022.01.02"]
[Round "4"]
[White "QUIRKE, JEFFREY L:PawnEatingZombi"]
[Black "Tanenbaum, Zachary:MasterZachary"]
[Result "0-1"]
[ICCResult "White resigns"]
[WhiteElo "2005"]
[BlackElo "2231"]
[Opening "QGA: 3.e4"]
[ECO "D20"]
[NIC "QG.04"]
[Time "18:00:16"]
[PlyCount "84"]
[TimeControl "1800+10"]

1. d4 d5 2. c4 dxc4 3. e4 c5 4. d5 e6 5. Nc3 exd5 6. Nxd5 Nf6 7. Bxc4 Nxd5
8. Bxd5 Be7 9. Ne2 O-O 10. O-O Nd7 11. Bf4 Nf6 12. Nc3 Nxd5 13. Nxd5 Bd6 14.
Qd2 Bxf4 15. Qxf4 Be6 16. Rad1 Rc8 17. Rd2 Re8 18. Rfd1 h6 19. h4 Qa5 20. a3
Bxd5 21. exd5 Qb5 22. d6 Qd7 23. h5 Re6 24. Rd5 b6 25. Qf5 Rce8 26. Kh2 Qa4
27. Kh3 Rf6 28. Qd3 Qd7+ 29. Kg3 Rfe6 30. b4 cxb4 31. axb4 Re4 32. f3 Rxb4
33. Qc3 a5 34. Qc7 Qd8 35. Qxd8 Rxd8 36. Rc1 Kf8 37. Rc7 f6 38. Rd2 Rb5 39.
f4 Rc5 40. Rb7 Rc6 41. Re2 Re8 42. Rxg7 Rxe2 {White resigns} 0-1

[Event "ICC tourney 2785 (30 10)"]
[Site "Internet Chess Club"]
[Date "2022.01.02"]
[Round "4"]
[White "Windram, James Alexander:Cypsiurus"]
[Black "NGUYEN, TIEN:ngthanhthuytien"]
[Result "0-1"]
[ICCResult "White resigns"]
[WhiteElo "2043"]
[BlackElo "2100"]
[Opening "Sicilian: Najdorf, Adams attack"]
[ECO "B90"]
[NIC "SI.14"]
[Time "18:01:05"]
[PlyCount "106"]
[TimeControl "1800+10"]

1. e4 c5 2. Nf3 d6 3. d4 cxd4 4. Nxd4 Nf6 5. Nc3 a6 6. h3 e5 7. Nde2 Be6 8.
g4 d5 9. exd5 Nxd5 10. Bg2 Bb4 11. O-O Bxc3 12. Nxc3 Nxc3 13. Qxd8+ Kxd8 14.
bxc3 Kc7 15. f4 h5 16. fxe5 hxg4 17. hxg4 Rh4 18. g5 Nc6 19. g6 fxg6 20. Ba3
Rah8 21. Bd6+ Kc8 22. Rae1 Rg4 23. Re4 Rg3 24. Ref4 Bd5 25. R1f2 Bxa2 26.
Rf8+ Rxf8 27. Rxf8+ Kd7 28. Kh2 Rxc3 29. Bh3+ Rxh3+ 30. Kxh3 b5 31. Kg4 Be6+
32. Kg5 Bf5 33. c3 a5 34. Rf7+ Ke6 35. Rb7 Bd3 36. Kf4 Nd8 37. Rxg7 Nf7 38.
Ke3 Bf5 39. Bb8 a4 40. Rh7 a3 41. Rh1 a2 42. Ra1 Bb1 43. Kf4 g5+ 44. Kg4
Nxe5+ 45. Kxg5 Kd5 46. Ba7 Kc4 47. Bd4 Nf3+ 48. Kf4 Nxd4 49. cxd4 Kxd4 50.
Kf3 Kc3 51. Ke2 Kb2 52. Kd2 Kxa1 53. Kc1 Bh7 {White resigns} 0-1

[Event "ICC tourney 2785 (30 10)"]
[Site "Internet Chess Club"]
[Date "2022.01.02"]
[Round "4"]
[White "Nguyen, Hoa Duc:leoman"]
[Black "YANG, KAIQI:YKQ"]
[Result "1/2-1/2"]
[ICCResult "Game drawn by mutual agreement"]
[WhiteElo "2465"]
[BlackElo "2531"]
[Opening "Queen's gambit declined"]
[ECO "D30"]
[NIC "QP.08"]
[Time "18:00:26"]
[PlyCount "188"]
[TimeControl "1800+10"]

1. d4 d5 2. c4 e6 3. Nf3 a6 4. cxd5 exd5 5. Bf4 Nf6 6. e3 Bd6 7. Bg3 O-O 8.
Nc3 Re8 9. Bd3 Nc6 10. O-O Bxg3 11. hxg3 Ne7 12. Qc2 g6 13. b4 Bf5 14. a4
Bxd3 15. Qxd3 Nf5 16. Ne5 h5 17. b5 Kg7 18. Rfb1 a5 19. Rc1 Rc8 20. Rc2 Ng4
21. Rd1 c6 22. bxc6 bxc6 23. Re2 Qd6 24. e4 dxe4 25. Rxe4 Nxe5 26. dxe5 Qxd3
27. Rxd3 Re6 28. f4 Rb8 29. Rc4 Rb3 30. Kf2 f6 31. Rd7+ Kh6 32. Ne4 Rb2+ 33.
Kg1 fxe5 34. Ng5 Re7 35. Rxe7 Nxe7 36. Re4 Nf5 37. Rxe5 Nxg3 38. Kh2 Nf5 39.
Rxa5 Kg7 40. Ra7+ Kg8 41. Rc7 Ne3 42. Rxc6 Rxg2+ 43. Kh3 Ra2 44. Rxg6+ Kf8
45. Ra6 Nf1 46. Kh4 Rh2+ 47. Nh3 Ne3 48. Kg3 Nf1+ 49. Kh4 Ne3 50. Ra7 Nf5+
51. Kg5 Ne7 52. Kh4 Nf5+ 53. Kxh5 Ng7+ 54. Kg4 Rg2+ 55. Kf3 Rb2 56. Ng5 Rb4
57. Kg4 Rc4 58. Nh7+ Kg8 59. Nf6+ Kf8 60. Nd7+ Kg8 61. Ra8+ Kh7 62. Nf8+ Kg8
63. Ne6+ Kf7 64. Ng5+ Kf6 65. a5 Ra4 66. Ra6+ Ke7 67. Ra7+ Kf6 68. a6 Kg6
69. Ra8 Nh5 70. Rg8+ Ng7 71. Ne6 Kf7 72. Rxg7+ Kxe6 73. a7 Kf6 74. Rb7 Ra1
75. Rb6+ Kf7 76. Rb7+ Kf6 77. Rc7 Ra3 78. Rh7 Kg6 79. Rb7 Kf6 80. Rd7 Ke6
81. Rh7 Kf6 82. Rb7 Kg6 83. f5+ Kf6 84. Rb6+ Kf7 85. Rh6 Kg7 86. Kg5 Rxa7
87. f6+ Kg8 88. Kg6 Rg7+ 89. Kf5 Ra7 90. Kg6 Rg7+ 91. Kf5 Ra7 92. Rh2 Ra1
93. Re2 Kf7 94. Re7+ Kf8 {Game drawn by mutual agreement} 1/2-1/2

[Event "ICC tourney 2785 (30 10)"]
[Site "Internet Chess Club"]
[Date "2022.01.02"]
[Round "5"]
[White "MARKOVIC, GORAN:Goran21"]
[Black "NGUYEN, TIEN:ngthanhthuytien"]
[Result "0-1"]
[ICCResult "White resigns"]
[WhiteElo "1931"]
[BlackElo "2100"]
[Opening "Sicilian"]
[ECO "B50"]
[NIC "SI.01"]
[Time "20:00:11"]
[PlyCount "154"]
[TimeControl "1800+10"]

1. e4 c5 2. Nf3 d6 3. c3 Nf6 4. Be2 e6 5. O-O Bd7 6. d3 Be7 7. Re1 O-O 8.
Bf1 Bc6 9. Nbd2 d5 10. e5 Nfd7 11. g3 b5 12. h4 Qc7 13. Bh3 b4 14. Nf1 Bb5
15. Ne3 Nxe5 16. Nxe5 Qxe5 17. c4 dxc4 18. dxc4 Bc6 19. Nf5 Qc7 20. Bf4 Qb7
21. Nxe7+ Qxe7 22. Bd6 Qd8 23. Bxf8 Qxf8 24. Bg2 Bxg2 25. Kxg2 Nc6 26. Re4
Rd8 27. Qa4 Qd6 28. Rae1 h5 29. a3 a5 30. axb4 axb4 31. Qa6 Qc7 32. Qb5 Nd4
33. Qa6 Nb3 34. Re5 g6 35. R1e3 Rd2 36. Rxe6 fxe6 37. Qxe6+ Qf7 38. Qxf7+
Kxf7 39. Rxb3 Kf6 40. Rf3+ Ke5 41. b3 Kd4 42. Re3 Rd3 43. Rxd3+ Kxd3 44. f4
Ke3 45. Kh2 Ke4 46. Kg2 Ke3 47. Kh3 Ke4 48. Kh2 Kf3 49. Kh3 Ke4 50. Kg2 Ke3
51. Kg1 Kd4 52. Kf2 Kc3 53. g4 Kxb3 54. f5 gxf5 55. g5 Kc2 56. g6 b3 57. g7
b2 58. g8=Q b1=Q 59. Qd5 Kc3 60. Qxc5 Qc2+ 61. Kg3 Qd3+ 62. Kf4 Qe4+ 63. Kg5
Qg4+ 64. Kf6 f4 65. Qa3+ Kxc4 66. Qc1+ Kd3 67. Qf1+ Ke3 68. Qe1+ Kf3 69.
Qf1+ Kg3 70. Qe1+ Kg2 71. Qd2+ Kh3 72. Ke5 f3 73. Qf2 Qg3+ 74. Qxg3+ Kxg3
75. Kf5 Kxh4 76. Kf4 f2 77. Kf3 f1=Q+ {White resigns} 0-1

[Event "ICC tourney 2785 (30 10)"]
[Site "Internet Chess Club"]
[Date "2022.01.02"]
[Round "5"]
[White "HU, ALEXANDER C:ahu1015"]
[Black "LIANG, YU-CHENG:Yucheng"]
[Result "0-1"]
[ICCResult "White resigns"]
[WhiteElo "2034"]
[BlackElo "1916"]
[Opening "Caro-Kann: classical, Spassky variation"]
[ECO "B18"]
[NIC "CK.12"]
[Time "20:00:07"]
[PlyCount "74"]
[TimeControl "1800+10"]

1. e4 c6 2. d4 d5 3. Nd2 dxe4 4. Nxe4 Bf5 5. Ng3 Bg6 6. Nf3 Nd7 7. h4 h6 8.
h5 Bh7 9. Bd3 Bxd3 10. Qxd3 e6 11. Bf4 Qa5+ 12. Bd2 Qc7 13. O-O-O Ngf6 14.
Ne4 Nxe4 15. Qxe4 Nf6 16. Qe2 Bd6 17. Kb1 O-O-O 18. c4 c5 19. Bc3 cxd4 20.
Nxd4 a6 21. Rhe1 Rd7 22. Nb3 Qc6 23. g3 Rhd8 24. Bxf6 gxf6 25. Qe3 Bf8 26.
Rxd7 Rxd7 27. Qa7 Bb4 28. Rc1 Qe4+ 29. Ka1 Qf3 30. Nd4 Qxf2 31. Qa8+ Kc7 32.
c5 Rd8 33. Qa7 Qxd4 34. Qb6+ Kb8 35. a3 Bxa3 36. Rc4 Qxb2+ 37. Qxb2 Bxb2+
{White resigns}
0-1

[Event "ICC tourney 2785 (30 10)"]
[Site "Internet Chess Club"]
[Date "2022.01.02"]
[Round "5"]
[White "Tanenbaum, Zachary:MasterZachary"]
[Black "SRIPADA, HAVISH:brilliantnessme"]
[Result "1-0"]
[ICCResult "Black resigns"]
[WhiteElo "2231"]
[BlackElo "1925"]
[Opening "Sicilian: Najdorf, Byrne (English) attack"]
[ECO "B90"]
[NIC "SI.14"]
[Time "20:00:12"]
[PlyCount "119"]
[TimeControl "1800+10"]

1. e4 c5 2. Nf3 d6 3. d4 cxd4 4. Nxd4 Nf6 5. Nc3 a6 6. Be3 e5 7. Nb3 Be7 8.
h3 Be6 9. f4 exf4 10. Bxf4 d5 11. e5 Nfd7 12. Nxd5 O-O 13. Nxe7+ Qxe7 14.
Bd3 Bxb3 15. axb3 Nxe5 16. Bxh7+ Kxh7 17. Qh5+ Kg8 18. Qxe5 Qxe5+ 19. Bxe5
Re8 20. O-O-O Rxe5 21. Rd8+ Kh7 22. Rhd1 a5 23. Kd2 Re6 24. Re1 Rg6 25. g4
Rh6 26. Ree8 Re6 27. Rh8+ Kg6 28. Rxb8 Rxb8 29. Rxb8 b6 30. Rb7 Rf6 31. h4
Rc6 32. c3 Kh6 33. Rxf7 a4 34. bxa4 Rc4 35. Rb7 Rxg4 36. Rxb6+ g6 37. Rb4
Rg2+ 38. Kd3 g5 39. hxg5+ Kxg5 40. a5 Kf6 41. a6 Rg8 42. Kc4 Ke6 43. a7 Ra8
44. Rb7 Kd6 45. Kb5 Kd5 46. Kb6 Rc8 47. Rb8 Rc6+ 48. Kb7 Kd6 49. Rd8+ Kc5
50. Rc8 Kc4 51. Rxc6+ Kb5 52. c4+ Kb4 53. a8=Q Kb3 54. Rb6+ Kc2 55. b4 Kb3
56. c5 Kb2 57. c6 Kb3 58. c7 Kb2 59. c8=Q Kb1 60. Qc4 {Black resigns} 1-0

[Event "ICC tourney 2785 (30 10)"]
[Site "Internet Chess Club"]
[Date "2022.01.02"]
[Round "5"]
[White "GUIPI BOPALA, PRINCE ERIC:bopala"]
[Black "DONG, KYLE QIYU:Kylechess18"]
[Result "0-1"]
[ICCResult "White resigns"]
[WhiteElo "2100"]
[BlackElo "1915"]
[Opening "Catalan: closed, 7.Qc2"]
[ECO "E08"]
[NIC "CA.04"]
[Time "20:00:55"]
[PlyCount "94"]
[TimeControl "1800+10"]

1. d4 Nf6 2. c4 e6 3. g3 d5 4. Bg2 Be7 5. Nf3 O-O 6. O-O Nbd7 7. Qc2 b6 8.
Nbd2 Bb7 9. b3 Rc8 10. Bb2 c5 11. Rac1 Qc7 12. Rfd1 Rfd8 13. e3 Qb8 14. Qb1
dxc4 15. Nxc4 Be4 16. Qa1 Qb7 17. Ne1 Bxg2 18. Nxg2 Qf3 19. Nh4 Qh5 20. dxc5
bxc5 21. Ng2 Ng4 22. h4 Qf5 23. Rf1 Ngf6 24. Nf4 e5 25. Nxe5 Nxe5 26. Bxe5
Qg4 27. Kg2 Rd2 28. Rcd1 Rcd8 29. Rxd2 Rxd2 30. Bc3 Rc2 31. Rc1 Rxc1 32.
Qxc1 Ne4 33. Bb2 Bxh4 34. Qc4 Nxg3 35. fxg3 Qxg3+ 36. Kh1 Qf3+ 37. Ng2 Bg3
38. Qd3 Qh5+ 39. Kg1 Qh2+ 40. Kf1 Qh1+ 41. Ke2 Qxg2+ 42. Kd1 Qf3+ 43. Kc2 h5
44. Qc3 Qe2+ 45. Kc1 Qe1+ 46. Kc2 Qxc3+ 47. Bxc3 h4 {White resigns} 0-1

[Event "ICC tourney 2785 (30 10)"]
[Site "Internet Chess Club"]
[Date "2022.01.02"]
[Round "5"]
[White "POWER, SEAN K:KnightHopper"]
[Black "QUIRKE, JEFFREY L:PawnEatingZombi"]
[Result "0-1"]
[ICCResult "White checkmated"]
[WhiteElo "1925"]
[BlackElo "2005"]
[Opening "Caro-Kann: classical variation"]
[ECO "B18"]
[NIC "CK.10"]
[Time "20:00:08"]
[PlyCount "110"]
[TimeControl "1800+10"]

1. e4 c6 2. d4 d5 3. Nc3 dxe4 4. Nxe4 Bf5 5. Ng3 Bg6 6. Nf3 e6 7. Ne5 Nd7 8.
Nxg6 hxg6 9. Be3 Ngf6 10. Qf3 Qa5+ 11. Bd2 Bb4 12. c3 Bd6 13. Bd3 Qc7 14.
O-O-O O-O-O 15. Ne4 Nxe4 16. Bxe4 f5 17. Bc2 e5 18. Bg5 Rde8 19. h4 e4 20.
Qe2 Bf4+ 21. Kb1 Bxg5 22. hxg5 Qf4 23. Qe3 Qxe3 24. fxe3 Nb6 25. Bb3 Nd5 26.
Bxd5 cxd5 27. Kc2 Kd7 28. b3 Rc8 29. Kd2 Ke6 30. c4 dxc4 31. Rxh8 c3+ 32.
Kc2 Rxh8 33. Kxc3 Rh5 34. d5+ Kd6 35. Kd4 Rxg5 36. Rd2 Rh5 37. g4 Rg5 38.
gxf5 gxf5 39. Rh2 Rg1 40. Rh7 b5 41. a4 Rd1+ 42. Kc3 bxa4 43. bxa4 Kxd5 44.
Rxg7 Rd3+ 45. Kb4 Rxe3 46. Rxa7 f4 47. Rc7 f3 48. Rc1 f2 49. Rf1 Rf3 50. a5
e3 51. a6 e2 52. a7 e1=Q+ 53. Rxe1 fxe1=Q+ 54. Kb5 Qb1+ 55. Ka6 Ra3#
{White checkmated}
0-1

[Event "ICC tourney 2785 (30 10)"]
[Site "Internet Chess Club"]
[Date "2022.01.02"]
[Round "5"]
[White "YANG, KAIQI:YKQ"]
[Black "MATINIAN, NIKITA:gannikus1992"]
[Result "1-0"]
[ICCResult "Black resigns"]
[WhiteElo "2531"]
[BlackElo "2504"]
[Opening "English: four knights, Nimzovich variation"]
[ECO "A28"]
[NIC "EO.21"]
[Time "20:00:33"]
[PlyCount "81"]
[TimeControl "1800+10"]

1. c4 e5 2. Nc3 Nc6 3. Nf3 Nf6 4. e4 Bb4 5. d3 d6 6. h3 a5 7. Be2 h6 8. Be3
O-O 9. O-O Bd7 10. Nd5 Bc5 11. Qd2 b6 12. Kh2 Re8 13. Rg1 Nxd5 14. cxd5 Ne7
15. g4 c6 16. dxc6 Bxc6 17. g5 h5 18. g6 Nxg6 19. Ng5 d5 20. Nxf7 Qf6 21.
Bxh5 Nf4 22. Bxf4 exf4 23. e5 Qh4 24. Nh6+ Kh8 25. Bxe8 Rxe8 26. Ng4 Bd4 27.
Rae1 Rf8 28. Qc2 Be8 29. Qc7 Rf7 30. Qc8 Rf8 31. Qb7 Bg6 32. Qxd5 Rd8 33.
Qf3 Bxb2 34. Qxf4 Rxd3 35. Rg3 Rd8 36. e6 Kh7 37. Re2 Ba1 38. e7 Re8 39. Qd6
Qh5 40. Re1 Bb2 41. Qxb6 {Black resigns} 1-0

[Event "ICC tourney 2785 (30 10)"]
[Site "Internet Chess Club"]
[Date "2022.01.02"]
[Round "5"]
[White "Belous, Vladimir:Openyagami"]
[Black "Nguyen, Hoa Duc:leoman"]
[Result "1-0"]
[ICCResult "Black forfeits on time"]
[WhiteElo "2570"]
[BlackElo "2465"]
[Opening "Grünfeld: exchange, Spassky variation"]
[ECO "D87"]
[NIC "GI.05"]
[Time "20:01:03"]
[PlyCount "99"]
[TimeControl "1800+10"]

1. c4 Nf6 2. Nc3 d5 3. cxd5 Nxd5 4. e4 Nxc3 5. bxc3 g6 6. d4 Bg7 7. Bc4 c5
8. Ne2 O-O 9. Be3 Nc6 10. h4 Qa5 11. O-O Bg4 12. f3 cxd4 13. cxd4 Bd7 14.
Rb1 Rab8 15. Qd3 b5 16. Bb3 Qa6 17. Rfc1 Na5 18. Rc7 Rb7 19. Rbc1 Bc6 20.
Rxb7 Qxb7 21. d5 Bd7 22. Bd4 Bh6 23. Rc5 Nxb3 24. axb3 a5 25. Qc3 b4 26. Rc7
Qa6 27. Qb2 Bb5 28. Ra7 Qd6 29. Rxa5 Bxe2 30. Qxe2 Rc8 31. e5 Qd8 32. Rb5 e6
33. g3 Rc1+ 34. Kg2 Qc8 35. Bf2 exd5 36. Rxd5 Bf8 37. Rd2 Rc3 38. Qd1 Qe6
39. Rd8 Kg7 40. Qd2 Be7 41. Re8 Rxf3 42. Kh2 Rxb3 43. h5 Bg5 44. Qxg5 Qxe8
45. e6 Rf3 46. Bd4+ Kg8 47. e7 Rf5 48. Qe3 Rxh5+ 49. Kg1 b3 50. Bb2
{Black forfeits on time}
1-0

[Event "ICC tourney 2785 (30 10)"]
[Site "Internet Chess Club"]
[Date "2022.01.02"]
[Round "5"]
[White "SHAWKAT, SAIF:saif-shawkat"]
[Black "Windram, James Alexander:Cypsiurus"]
[Result "1-0"]
[ICCResult "Black resigns"]
[WhiteElo "1976"]
[BlackElo "2043"]
[Opening "Sicilian: Richter-Rauzer, Keres variation"]
[ECO "B62"]
[NIC "SI.27"]
[Time "20:00:11"]
[PlyCount "97"]
[TimeControl "1800+10"]

1. e4 c5 2. Nf3 d6 3. d4 cxd4 4. Nxd4 Nf6 5. Nc3 Nc6 6. Bg5 e6 7. Qd3 a6 8.
O-O-O Bd7 9. Be2 b5 10. Nxc6 Bxc6 11. Rhe1 Be7 12. Qg3 b4 13. e5 bxc3 14.
Qxc3 Bd5 15. exf6 gxf6 16. Rxd5 Rc8 17. Qd4 Rg8 18. Bxa6 fxg5 19. Bxc8 exd5
20. Bb7 Kf8 21. Bxd5 Bf6 22. Qa7 Be7 23. a4 g4 24. a5 Rg5 25. c4 Rf5 26. a6
Bg5+ 27. Kb1 Qa5 28. Rd1 Qa4 29. Rh1 Qb3 30. Qb7 Qd3+ 31. Ka1 Rxd5 32. cxd5
Bf6 33. a7 Qa3+ 34. Kb1 Qd3+ 35. Ka2 Qc4+ 36. Qb3 Qa6+ 37. Qa3 Qc4+ 38. Ka1
Bxb2+ 39. Qxb2 Qa4+ 40. Kb1 Qe4+ 41. Kc1 Qc4+ 42. Qc2 Qf4+ 43. Kd1 Qd4+ 44.
Qd2 Qxa7 45. Re1 Qa1+ 46. Ke2 Qa6+ 47. Qd3 Qa2+ 48. Kf1 g3 49. hxg3
{Black resigns}
1-0

[Event "ICC tourney 2785 (30 10)"]
[Site "Internet Chess Club"]
[Date "2022.01.02"]
[Round "5"]
[White "Otawa, Yuto:hidedozyo"]
[Black "SHEEHAN, ETHAN THOMAS:Chessking2008"]
[Result "1-0"]
[ICCResult "Black forfeits on time"]
[WhiteElo "2204"]
[BlackElo "2197"]
[Opening "Nimzo-Indian: classical variation"]
[ECO "E32"]
[NIC "NI.20"]
[Time "20:01:40"]
[PlyCount "117"]
[TimeControl "1800+10"]

1. d4 Nf6 2. c4 e6 3. Nc3 Bb4 4. Qc2 O-O 5. a3 Bxc3+ 6. Qxc3 b6 7. Bg5 Bb7
8. f3 h6 9. Bh4 c5 10. dxc5 bxc5 11. e3 Nc6 12. Bd3 Qa5 13. Ne2 Ba6 14. b4
cxb4 15. axb4 Qxb4 16. Bxf6 gxf6 17. Rxa6 Ne5 18. Be4 Qxc3+ 19. Nxc3 Rac8
20. Rxa7 d5 21. Bb1 Rxc4 22. Ne2 Rb4 23. Kf2 Rfb8 24. Ra1 Rb2 25. Rd1 R8b3
26. h3 Kg7 27. f4 Nc4 28. Bd3 Nd2 29. Ba6 Ne4+ 30. Kf3 Nd2+ 31. Kf2 Ne4+ 32.
Kf3 Nd2+ 33. Kf2 Ne4+ 34. Kg1 Rxe3 35. Nd4 Rg3 36. Bf1 Nd2 37. Be2 Nb3 38.
Nxb3 Rxe2 39. Nd4 Rexg2+ 40. Kh1 Rf2 41. Rg1 Rxg1+ 42. Rxg1+ Kh7 43. Rg4 f5
44. Rh4 Kg6 45. Kg1 Ra2 46. Nf3 f6 47. Nd4 Ra6 48. Kf2 e5 49. fxe5 fxe5 50.
Ne2 d4 51. Nxd4 exd4 52. Rxd4 Kg5 53. h4+ Kf6 54. Kf3 Ke5 55. Rd3 Ra4 56.
Kg3 Rg4+ 57. Kh3 Rg8 58. Ra3 Rd8 59. Kg3 {Black forfeits on time} 1-0

[Event "ICC tourney 2785 (30 10)"]
[Site "Internet Chess Club"]
[Date "2022.01.02"]
[Round "5"]
[White "IVANOV, ALEXANDER:marble"]
[Black "YAN, RUIYANG:jy2020"]
[Result "1/2-1/2"]
[ICCResult "Game drawn by repetition"]
[WhiteElo "2396"]
[BlackElo "2151"]
[Opening "Sicilian: Najdorf, Adams attack"]
[ECO "B90"]
[NIC "SI.14"]
[Time "20:00:10"]
[PlyCount "176"]
[TimeControl "1800+10"]

1. e4 c5 2. Nf3 d6 3. d4 cxd4 4. Nxd4 Nf6 5. Nc3 a6 6. h3 e5 7. Nde2 h5 8.
Bg5 Be6 9. Bxf6 Qxf6 10. Nd5 Qd8 11. Nec3 Nd7 12. Bc4 Rc8 13. Bb3 g6 14. O-O
Bg7 15. Ne3 Nc5 16. Bd5 O-O 17. a4 Bh6 18. Qf3 Kg7 19. Rfd1 Qe7 20. Nc4 f5
21. Qe2 Bxd5 22. Nxd5 Qe6 23. f3 Rcd8 24. b4 Nd7 25. a5 Nb8 26. c3 Nc6 27.
Rd3 Na7 28. Na3 Nc6 29. Rad1 Bg5 30. Nc4 Na7 31. exf5 Rxf5 32. Nde3 Bxe3+
33. Nxe3 Rf7 34. Nd5 Nc6 35. Qd2 Qf5 36. Nb6 e4 37. Rd5 Qe6 38. Re1 Qf6 39.
Rxe4 Re7 40. Rxe7+ Nxe7 41. Rd3 Nf5 42. Nc4 Qe6 43. Ne3 Ne7 44. c4 Kh7 45.
Rd4 Nc6 46. Re4 Qf6 47. Nd5 Qf5 48. Ne7 Qf7 49. Nxc6 bxc6 50. Qe2 Rd7 51.
Re6 Qg7 52. h4 Qd4+ 53. Qf2 Qxc4 54. Qe1 Qd4+ 55. Kh1 Qg7 56. Qe4 d5 57. Qd3
Re7 58. Rxc6 Re1+ 59. Kh2 Qe5+ 60. g3 Qe2+ 61. Qxe2 Rxe2+ 62. Kh3 Rb2 63.
Rd6 Rxb4 64. Rxd5 Ra4 65. Kg2 Ra2+ 66. Kf1 Kh6 67. f4 Kh7 68. f5 gxf5 69.
Rxf5 Kg6 70. Rg5+ Kh6 71. Ke1 Ra1+ 72. Kf2 Ra2+ 73. Ke3 Ra3+ 74. Kd4 Ra4+
75. Kc3 Ra3+ 76. Kb4 Ra1 77. Rc5 Rb1+ 78. Ka3 Rg1 79. Rc6+ Kh7 80. Rc3 Ra1+
81. Kb4 Rb1+ 82. Rb3 Ra1 83. Ra3 Rb1+ 84. Rb3 Ra1 85. Rd3 Rb1+ 86. Kc4 Rc1+
87. Kb4 Rb1+ 88. Rb3 Ra1 {Game drawn by repetition} 1/2-1/2